Map: Eternal Empire LE

Players

liquidthermy (uThermal) - Winner!

  • Race: Terran Terran
  • Spawn Location: 1:00

Ziggy

  • Race: Terran Terran
  • League: Master
  • Spawn Location: 7:00

Event: DreamHack SC2 Masters 2020 Summer Europe

VOD

Have the link to the VOD?

Description

Time

  • Played on: July 2, 2020, 11:21 a.m.
  • Length: 4:12

All games in this series

Show
View Real Time Build Order
Export as new Build Order

liquidthermy Terran - Winner!

Build Orders:  

Get SALT Encoding   

  12  0:01  SCV  
  13  0:13  SCV  
  14  0:17  Supply Depot  
  14  0:25  SCV  
  15  0:38  SCV  
  15  0:39  Barracks  
  16  0:43  Refinery  
  16  0:50  SCV  
  17  0:59  Barracks  
  17  1:04  SCV  
  18  1:16  SCV  
  19  1:26  Reaper  
  19  1:28  Orbital Command  
  20  1:34  Supply Depot  
  20  1:47  Reaper  
  21  1:54  SCV  
  22  2:03  Reaper  
  22  2:06  SCV  
  23  2:16  Command Center  
  23  2:19  SCV  
  23  2:21  Reaper  
  25  2:27  Refinery  
  25  2:31  SCV  
  26  2:39  Reaper  
  26  2:43  Supply Depot, SCV  
  28  2:55  Reaper, SCV  
  30  3:07  SCV  
  30  3:11  Reaper  
  31  3:19  SCV  
  32  3:25  Factory  
  32  3:31  Reaper, SCV  
  34  3:37  Command Center  
  34  3:43  SCV  
  34  3:47  Barracks Reactor  
  35  3:55  SCV  
Show
View Real Time Build Order
Export as new Build Order

Ziggy Terran 

Build Orders:  

Get SALT Encoding   

  12  0:00  SCV  
  13  0:13  SCV  
  14  0:17  Supply Depot  
  14  0:25  SCV  
  15  0:39  SCV, Barracks  
  16  0:44  Refinery  
  16  0:51  SCV  
  17  0:58  Barracks  
  17  1:03  SCV  
  18  1:15  SCV  
  19  1:27  Orbital Command, Reaper  
  19  1:31  Supply Depot  
  20  1:45  Reaper  
  21  1:53  SCV  
  22  2:03  Reaper  
  23  2:09  Command Center  
  23  2:12  SCV  
  24  2:16  Refinery  
  24  2:20  Reaper  
  25  2:24  SCV  
  26  2:36  SCV  
  27  2:39  Reaper  
  28  2:48  SCV  
  29  2:52  Command Center  
  29  2:54  Barracks Tech Lab  
  29  3:01  SCV  
  29  3:13  Reaper, SCV  
  31  3:20  Reaper  
  31  3:22  Orbital Command  
  31  3:25  SCV  
  30  3:37  Factory, SCV  
  31  3:45  Refinery  
  32  3:49  SCV  
  32  3:50  SCV  
Tags
 
Add a new tag
Caveats
  • Supply blocks, unpowered buildings, or Contaminate may cause inaccurate times.
  • Supply counts are checked every 10 seconds.